 Dungeon Crawl Stone Soup version 0.19.1 (webtiles) character file.

38619 esteth the Impaler (level 14, -8/115 HPs)
             Began as a Formicid Abyssal Knight on Dec 19, 2016.
             Was the Champion of Lugonu.
             Mangled by a sixfirhy (9 damage)
             ... summoned by a kobold demonologist
             ... on level 13 of the Dungeon.
             The game lasted 01:09:12 (25487 turns).

esteth the Impaler (Formicid Abyssal Knight)       Turns: 25487, Time: 01:09:12

Health: -8/115     AC: -7    Str: 26      XL:     14   Next: 35%
Magic:  0/21       EV: 13    Int: 12      God:    Lugonu [******]
Gold:   942        SH:  0    Dex:  8 (10) Spells: 0 memorised, 13 levels left

rFire  . . .     SeeInvis +     r - +4 trident (elec)
rCold  + . .     Gourm    .     y - +4 scale mail {rC+}
rNeg   . . .     Faith    .     (no shield)
rPois  .         Spirit   +     (helmet unavailable)
rElec  .         Reflect  .     Z - +0 cloak {MR+}
rCorr  .         Harm     .     X - +1 pair of gloves
MR     ++...                    (no boots)
Stlth  ..........               N - amulet of guardian spirit
                                s - ring of see invisible
                                k - +4 ring of strength

@: corroded
A: permanent stasis, dig shafts and tunnels, four strong arms, antennae 3
a: Dig, Shaft Self, Depart the Abyss, Bend Space, Banish, Corrupt, Enter the
Abyss, Brand Weapon With Distortion, Renounce Religion


You were on level 13 of the Dungeon.
You worshipped Lugonu.
Lugonu was exalted by your worship.
You were not hungry.

You visited 3 branches of the dungeon, and saw 21 of its levels.
You visited the Abyss 1 time.

You collected 1534 gold pieces.
You spent 592 gold pieces at shops.

Inventory:

Hand Weapons
 r - a +4 trident of electrocution (weapon)
 B - a +4 halberd of venom
 Q - a cursed +0 bardiche
Armour
 d - a +1 ring mail of positive energy
 y - a +4 scale mail of cold resistance (worn)
 X - a +1 pair of gloves (worn)
 Z - a +0 cloak of magic resistance (worn)
Magical Staves
 l - an uncursed staff of earth
Jewellery
 e - an uncursed ring of flight
 k - a +4 ring of strength (left hand)
 s - a ring of see invisible (right hand)
 A - an uncursed ring of protection from fire
 N - an amulet of guardian spirit (around neck)
 S - an uncursed ring of protection from cold
 W - a +3 ring of evasion
Wands
 n - a wand of disintegration (11/24)
 o - a wand of disintegration (2/24)
 z - a wand of polymorph (16/24)
 K - a wand of acid (4/15)
 P - a wand of enslavement (4/24)
 R - a wand of paralysis (16/24)
Scrolls
 a - 4 scrolls of remove curse
 f - 2 scrolls of magic mapping
 C - 7 scrolls of identify
 E - 2 scrolls of fog
 G - 8 scrolls of recharging
 I - a scroll of acquirement
Potions
 h - 2 potions of magic
 i - a potion of haste {unknown}
 j - 5 potions of agility {unknown}
 m - 6 potions of mutation {unknown}
 p - 4 potions of lignification {unknown}
 q - a potion of cure mutation {unknown}
 u - 3 potions of might {unknown}
 w - 2 potions of berserk rage {unknown}
 D - 4 potions of brilliance {unknown}
 H - a potion of invisibility {unknown}
 U - a potion of ambrosia {unknown}
Books
 v - a book of Changes

   Spells                             Type                      Level
   a - Beastly Appendage              Transmutation                1
   b - Sticks to Snakes               Transmutation                2
   c - Spider Form                    Transmutation/Poison         3
   d - Ice Form                       Ice/Transmutation            4
   e - Blade Hands                    Transmutation                5
 F - a book of Cantrips

   Spells                             Type                      Level
   a - Confusing Touch                Hexes                        1
   b - Animate Skeleton               Necromancy                   1
   c - Summon Small Mammal            Summoning                    1
   d - Apportation                    Translocation                1
 L - a book of Geomancy

   Spells                             Type                      Level
   a - Sandblast                      Earth                        1
   b - Passwall                       Transmutation/Earth          2
   c - Stone Arrow                    Conjuration/Earth            3
   d - Petrify                        Transmutation/Earth          4
   e - Lee's Rapid Deconstruction     Earth                        5
 O - a book of Power

   Spells                             Type                      Level
   a - Fulminant Prism                Conjuration/Hexes            4
   b - Iskenderun's Mystic Blast      Conjuration                  4
   c - Venom Bolt                     Conjuration/Poison           5
   d - Bolt of Magma                  Conjuration/Fire/Earth       5
   e - Iron Shot                      Conjuration/Earth            6
   f - Orb of Destruction             Conjuration                  7
   g - Spellforged Servitor           Conjuration/Summoning        7
Comestibles
 b - 11 chunks of flesh
 c - 8 bread rations
 g - 9 meat rations
 T - 2 beef jerkies
 V - 7 fruits
 Y - 3 royal jellies


   Skills:
 + Level 12.2 Fighting
 * Level 15.1 Polearms
 + Level 9.4 Armour
 + Level 8.0 Dodging
 - Level 10.0 Invocations


You had 13 spell levels left.
You didn't know any spells.

Dungeon Overview and Level Annotations

Branches:
Dungeon (14/15)            Temple (0/1) D:7            Lair (5/6) D:9
 Shoals (0/4) Lair:3        Snake (0/4) Lair:2          Orc (2/2) D:11
  Slime: Lair:5-6       Elf: Orc:2       Vaults: D:13-14

Altars:
Elyvilon
Xom
The Shining One
Beogh

Shops:
D:5 [   D:6 *   D:9 !   D:12 [   D:14 %

Annotations:
D:3 Pikel
D:12 corrupted
Abyss:1 Nessos


Innate Abilities, Weirdness & Mutations

You are under a permanent stasis effect.
You can dig through walls and to a lower floor.
Your four strong arms can wield two-handed weapons with a shield.
You have a pair of large antennae on your head. (SInv)


Message History

The crimson imp sputters.
You hit the rust devil but do no damage.
The rust devil is almost dead.
The sixfirhy hits you! The sixfirhy shocks you! The sixfirhy hits you.
The sixfirhy shocks you!
* * * LOW HITPOINT WARNING * * *
The rust devil hits you!
* * * LOW HITPOINT WARNING * * *
The rust devil corrodes you! The sixfirhy hits you!
* * * LOW HITPOINT WARNING * * *
The sixfirhy shocks you!
* * * LOW HITPOINT WARNING * * *
The kobold demonologist barely misses you.
Are you sure you want to shaft yourself?
You feel quite a bit more hungry.
The rust devil disappears in a puff of smoke!
The sixfirhy hits you.
* * * LOW HITPOINT WARNING * * *
The sixfirhy shocks you!
You die...

############.#
#....5K§5....#
#>).53@KK.....
###########.##


You could see a kobold demonologist, a sixfirhy, 2 big kobolds, 2 quasits and a
crimson imp.

Vanquished Creatures
  3 hydras
  The ghost of Barrydekale the Protected, a novice MiFi of Makhleb (D:8)
  An unseen horror (D:11)
  5 hill giants
  2 orc knights (Orc:1)
  A manticore (D:14)
  A cyclops (Orc:1)
  2 ugly things (D:12)
  2 black mambas
  Psyche (D:8)
  3 elephants (Lair:4)
  Joseph (D:8)
  8 spiny frogs
  A rime drake (Lair:4)
  6 komodo dragons
  Prince Ribbit (D:9)
  A two-headed ogre (D:9)
  3 trolls
  11 blink frogs
  2 hippogriffs
  A spriggan (shapeshifter) (D:12)
  Sigmund (D:4)
  Eustachio (D:6)
  A shadow (D:11)
  A spriggan (D:7)
  2 wyverns
  A vampire (D:11)
  43 yaks
  A basilisk (Lair:5)
  A hungry ghost (D:7)
  4 wargs
  Menkaure (D:6)
  A mottled dragon (D:11)
  Duvessa (D:6)
  Edmund (D:4)
  7 water moccasins
  14 orc warriors
  9 porcupines
  6 sky beasts
  A necrophage (D:12)
  3 phantoms
  2 slaves
  8 ogres
  15 wolves
  9 centaurs
  11 crocodiles
  11 bullfrogs
  2 big kobolds (D:13)
  A wyvern zombie (D:7)
  4 scorpions
  Dowan (D:6)
  7 killer bees
  A troll skeleton (D:11)
  A water moccasin skeleton (D:9)
  5 wights (D:11)
  3 spriggan skeletons (D:11)
  7 howler monkeys
  3 crimson imps
  3 bullfrog zombies
  A centaur zombie (D:11)
  8 hounds
  9 orc priests
  3 bullfrog skeletons
  4 centaur skeletons (D:11)
  10 orc wizards
  3 iguanas
  Terence (D:2)
  11 worker ants
  Natasha (D:4)
  A hound zombie (D:7)
  2 hound skeletons
  2 worker ant zombies
  17 adders
  6 gnolls
  2 adder zombies
  2 oozes
  4 worms
  A dart slug (D:1)
  5 leopard geckos
  60 orcs
  7 giant cockroaches
  6 goblins
  9 hobgoblins
  19 jackals
  8 kobolds
  4 quokkas
  3 ball pythons
  8 bats
  5 frilled lizards
  A giant cockroach zombie (D:5)
  A leopard gecko zombie (D:5)
  9 rats
484 creatures vanquished.

Vanquished Creatures (others)
  The ghost of Mungo the Unseen, a journeyman SpMo of Ashenzari (D:12)
  An orc high priest (D:12)
  An orc sorcerer (D:12)
  An orc knight (D:12)
  2 electric eels (D:9)
  An orc wizard (D:12)
  2 orcs
  3 fungi (Lair:5)
12 creatures vanquished.

Grand Total: 496 creatures vanquished

Notes
Turn   | Place    | Note
-------+----------+-------------------------------------------
     0 | Abyss:1  | esteth the Formicid Abyssal Knight began the quest for the Orb.
     0 | Abyss:1  | Reached XP level 1. HP: 18/18 MP: 2/2
    47 | Abyss:1  | Noticed a ynoxinul
    47 | D:1      | Escaped the Abyss
    81 | D:1      | Reached skill level 1 in Dodging
   373 | D:1      | Reached XP level 2. HP: 24/24 MP: 3/3
   578 | D:2      | Noticed Terence
   589 | D:2      | Reached XP level 3. HP: 21/29 MP: 4/4
   608 | D:2      | Killed Terence
   897 | D:2      | Found a faded altar of an unknown god.
   902 | D:2      | Reached XP level 4. HP: 36/37 MP: 5/5
   948 | D:2      | Reached * piety under Lugonu
  1589 | D:3      | You fall through a shaft!
  1830 | D:4      | Reached skill level 3 in Polearms
  1830 | D:4      | Reached XP level 5. HP: 27/42 MP: 6/6
  2022 | D:3      | Reached XP level 6. HP: 31/48 MP: 7/7
  2817 | D:3      | Reached ** piety under Lugonu
  3049 | D:3      | Reached skill level 4 in Polearms
  3808 | D:4      | Noticed a slave
  3811 | D:4      | Noticed a slave
  3812 | D:4      | Noticed Pikel
  3814 | D:4      | Noticed a slave
  3816 | D:4      | Noticed a slave
  3817 | D:4      | Killed a slave
  3878 | D:3      | Killed a slave
  4354 | D:4      | Noticed a phantom
  4368 | D:4      | Killed a phantom
  4368 | D:4      | Reached XP level 7. HP: 43/55 MP: 8/8
  4472 | D:4      | Reached skill level 5 in Fighting
  4761 | D:4      | Reached skill level 5 in Polearms
  5007 | D:4      | Noticed Sigmund
  5055 | D:4      | Killed Sigmund
  5055 | D:4      | Reached XP level 8. HP: 47/62 MP: 9/9
  5481 | D:4      | Noticed Natasha
  5486 | D:4      | Killed Natasha
  5486 | D:4      | Reached skill level 6 in Polearms
  5565 | D:4      | Noticed Edmund
  5591 | D:4      | Killed Edmund
  5591 | D:4      | Reached skill level 5 in Armour
  6282 | D:5      | Entered Level 5 of the Dungeon
  6292 | D:5      | Reached XP level 9. HP: 63/69 MP: 10/10
  6294 | D:5      | Reached skill level 7 in Polearms
  6455 | D:5      | Found Ippao's Armour Emporium.
  6755 | D:5      | Reached *** piety under Lugonu
  7171 | D:6      | Noticed Eustachio
  7171 | D:6      | Noticed Duvessa
  7171 | D:6      | Noticed Dowan
  7202 | D:6      | Killed Duvessa
  7211 | D:6      | Killed Dowan
  7223 | D:6      | Killed Eustachio
  7223 | D:6      | Reached skill level 5 in Dodging
  7565 | D:6      | Reached skill level 8 in Polearms
  7808 | D:6      | Found Ywiurako's Elemental Accessories.
  7829 | D:6      | Noticed Menkaure
  7836 | D:6      | Killed Menkaure
  8441 | D:7      | Found a staircase to the Ecumenical Temple.
  8486 | D:7      | Noticed a hippogriff
  8492 | D:7      | Reached XP level 10. HP: 76/79 MP: 12/12
  8519 | D:7      | Found a shimmering altar of Xom.
  8686 | D:7      | Reached skill level 9 in Polearms
  8751 | D:7      | Reached **** piety under Lugonu
  9100 | D:8      | Noticed Psyche
  9110 | D:8      | Killed Psyche
  9110 | D:8      | Reached skill level 5 in Invocations
  9194 | D:8      | Noticed Joseph
  9208 | D:8      | You fall through a shaft for 2 floors!
  9208 | D:10     | Entered Level 10 of the Dungeon
  9570 | D:9      | Noticed Prince Ribbit
  9609 | D:9      | Killed Prince Ribbit
  9939 | D:9      | Found Douplism's Distillery.
  9947 | D:9      | Bought a potion of heal wounds for 55 gold pieces
  9947 | D:9      | Bought a potion of curing for 33 gold pieces
  9982 | D:9      | Reached skill level 10 in Polearms
 10253 | D:9      | Found a roughly hewn altar of Beogh.
 10989 | D:9      | Reached XP level 11. HP: 81/87 MP: 15/15
 11571 | D:9      | Reached skill level 11 in Polearms
 12055 | D:8      | Noticed Barrydekale's ghost (novice MiFi)
 12075 | D:8      | Killed Barrydekale's ghost
 12352 | D:8      | Killed Joseph
 12994 | D:10     | Reached skill level 12 in Polearms
 13742 | D:11     | Reached ***** piety under Lugonu
 13746 | D:11     | Noticed an unseen horror
 13774 | D:11     | Killed an unseen horror
 13774 | D:11     | Reached XP level 12. HP: 89/97 MP: 18/18
 13825 | D:11     | Reached skill level 10 in Fighting
 14188 | D:11     | Found a staircase to the Orcish Mines.
 14310 | D:11     | Found a white marble altar of Elyvilon.
 14693 | D:11     | Got an ichor-stained chain mail
 14780 | D:11     | Reached skill level 13 in Polearms
 15015 | D:12     | Noticed a six-headed hydra
 15026 | D:12     | Killed a six-headed hydra
 15277 | D:12     | Found Xichaub's Antique Armour Shop.
 15289 | D:12     | Bought a pair of runed gloves for 252 gold pieces
 15289 | D:12     | Bought a glowing cloak for 252 gold pieces
 15999 | D:12     | Found a runed door.
 16042 | D:12     | Noticed Mungo's ghost (journeyman SpMo)
 16045 | D:12     | Noticed an orc high priest
 16054 | D:12     | Noticed a sun demon
 16062 | D:12     | Corrupted D:12
 16062 | D:12     | Noticed a starcursed mass
 16062 | D:12     | Noticed a tentacled starspawn
 16062 | D:12     | Noticed a green draconian
 16062 | D:12     | Noticed a green very ugly thing
 16062 | D:12     | Noticed a spatial maelstrom
 16062 | D:12     | Noticed a starcursed mass
 16065 | D:12     | Noticed a sun demon
 16066 | D:12     | Noticed a spatial maelstrom
 16066 | D:12     | Noticed a starcursed mass
 16067 | D:12     | Noticed a thrashing horror
 16067 | D:12     | Noticed a deep elf sorcerer
 16067 | D:12     | Noticed a blizzard demon
 16071 | D:12     | Killed an orc high priest
 16071 | D:12     | Killed Mungo's ghost
 16087 | D:12     | Found a roughly hewn altar of Beogh.
 16561 | Orc:1    | Entered Level 1 of the Orcish Mines
 16587 | Orc:1    | Reached XP level 13. HP: 54/105 MP: 9/20
 17617 | D:9      | Found a staircase to the Lair.
 17688 | Lair:1   | Entered Level 1 of the Lair of Beasts
 18524 | Lair:1   | Identified 2 scrolls of acquirement
 18636 | Lair:1   | Reached skill level 10 in Invocations
 19551 | Lair:2   | Reached skill level 14 in Polearms
 19580 | Lair:2   | Noticed an eight-headed hydra
 19592 | Lair:2   | Killed an eight-headed hydra
 19829 | Lair:2   | Found a staircase to the Snake Pit.
 20622 | Lair:3   | Found a staircase to the Shoals.
 22587 | Lair:5   | Noticed Nessos
 22603 | Lair:5   | Banished Nessos
 23098 | Lair:5   | Noticed a seven-headed hydra
 23106 | Lair:5   | Killed a seven-headed hydra
 23106 | Lair:5   | Reached XP level 14. HP: 87/114 MP: 16/21
 23565 | Lair:5   | Reached ****** piety under Lugonu
 24739 | Orc:2    | Entered Level 2 of the Orcish Mines
 24742 | Orc:2    | Reached skill level 15 in Polearms
 24771 | D:11     | HP: 4/115 [orc warrior/broad axe (12)]
 24775 | D:11     | You fall through a shaft for 3 floors!
 25200 | D:14     | Found a glowing golden altar of the Shining One.
 25412 | D:14     | Found Faej's Food Shop.
 25486 | D:13     | HP: 4/115 [sixfirhy[a kobold demonologist] (8)]
 25487 | D:13     | HP: 1/115 [sixfirhy[a kobold demonologist] (4)]
 25487 | D:13     | Mangled by a sixfirhy

Skill      XL: |  1  2  3  4  5  6  7  8  9 10 11 12 13 14 |
---------------+-------------------------------------------+-----
Dodging        | 1 2 3 4 5 6 7 8 |  8.0
Fighting       | 4 5 6 7 8 9 10 11 12 | 12.2
Polearms       | 3 4 5 6 8 10 12 13 14 15 | 15.1
Armour         | 3 4 5 6 7 8 9 |  9.4
Invocations    | 3 6 8 9 10 | 10.0

Action                   |  1- 3 |  4- 6 |  7- 9 | 10-12 | 13-15 || total
-------------------------+-------+-------+-------+-------+-------++-------
Melee: Spear             |    62 |    59 |       |       |       ||   121
       Trident           |       |   186 |   329 |   766 |   567 ||  1848
       Unarmed           |       |       |       |    14 |       ||    14
       Halberd           |       |       |       |       |    34 ||    34
Invok: Depart the Abyss  |     1 |       |       |       |       ||     1
       Bend Space        |       |     1 |       |     1 |       ||     2
       Corrupt           |       |       |       |     1 |       ||     1
       Banish            |       |       |       |       |     3 ||     3
 Abil: Shaft Self        |       |     1 |       |     1 |     2 ||     4
       Dig               |       |       |       |     1 |       ||     1
Evoke: Wand              |       |       |       |     4 |       ||     4
  Use: Scroll            |     4 |     9 |     9 |     8 |    10 ||    40
       Potion            |       |       |       |     7 |     2 ||     9
  Eat: Chunk             |       |     5 |     6 |     7 |    13 ||    31
       Bread ration      |       |     2 |     1 |     5 |     2 ||    10
       Pizza             |       |       |       |     1 |       ||     1
       Meat ration       |       |       |       |       |     1 ||     1
Armor: Ring mail         |     9 |    44 |       |       |       ||    53
       Leather armour    |     1 |       |       |       |       ||     1
       Scale mail        |       |    25 |    82 |   179 |   170 ||   456
Dodge: Dodged            |    21 |   109 |   172 |   378 |   298 ||   978
